 Dungeon Crawl Stone Soup version 0.30-a0-557-ge2afbf3030 (webtiles) character file.

Game seed: 1979205042625702541

835 Shayle the Sneak (level 7, 0/40 (44) HPs)
             Began as a Tengu Reaver on Dec 27, 2022.
             Was an Initiate of Kikubaaqudgha.
             Succumbed to a scorpion's poison
             ... on level 6 of the Dungeon.
             The game lasted 00:08:22 (2704 turns).

Shayle the Sneak (Tengu Reaver)                     Turns: 2704, Time: 00:08:23

HP:   0/40 (44)     AC:  4    Str: 12    XL:     7   Next: 99%
MP:   10/11         EV: 15    Int: 16    God:    Kikubaaqudgha [......]
Gold: 148           SH:  0    Dex: 12    Spells: 9/10 levels left

rFire   . . .      SeeInvis .    e - +2 short sword (venom)
rCold   . . .      Faith    .    (no shield)
rNeg    . . .      Spirit   .    b - +0 leather armour
rPois   .          Reflect  .    (helmet restricted)
rElec   .          Harm     .    (no cloak)
rCorr   .          Rampage  .    r - +0 pair of gloves
Will    .....                    (boots unavailable)
Stlth   +++                      (no amulet)
HPRegen 0.26/turn                (no ring)
MPRegen 0.12/turn                (no ring)

@: lethally poisoned (0 -> -1), flying quickly and evasively, drained, quick
A: beak, talons 3, nimble flight
a: Renounce Religion


You were on level 6 of the Dungeon.
You worshipped Kikubaaqudgha.
Kikubaaqudgha was noncommittal.
You visited 2 branches of the dungeon, and saw 7 of its levels.

You collected 148 gold pieces.

Inventory:

Hand Weapons
 a - a +0 spear
 d - a +2 dagger of speed
 e - a +2 short sword of venom (weapon)
Armour
 b - a +0 leather armour (worn)
 c - a +0 tower shield of positive energy
 r - a +0 pair of gloves (worn)
Jewellery
 p - the amulet of Reimbursement {Spirit Harm Fragile Str+8 Int+7}
   (You found it on level 3 of the Dungeon)

   [amulet of guardian spirit]

   It causes incoming damage to be divided between your reserves of health and
   magic.
   Str:       It affects your strength (+8).
   Int:       It affects your intelligence (+7).
   Fragile:   It will be destroyed if unequipped.
   Harm:      It increases damage dealt and taken.
Wands
 i - a wand of iceblast (7)
 l - a wand of digging (6)
Scrolls
 h - 2 scrolls of enchant weapon
 j - 3 scrolls of amnesia
 m - a scroll of torment
 o - a scroll of teleportation
Potions
 f - 2 potions of flight
 n - a potion of degeneration


   Skills:
 + Level 4.6 Fighting
 - Level 3.2 Polearms
 + Level 5.1 Dodging
 * Level 6.5 Stealth
 - Level 2.0 Spellcasting
 - Level 4.0 Conjurations


You had 9 spell levels left.
You knew the following spells:

 Your Spells              Type           Power      Damage    Failure   Level
a - Kiss of Death         Conj/Necr      32%        2d7       12%         1

Your spell library contained the following spells:

 Spells                   Type           Power      Damage    Failure   Level
 Momentum Strike          Conj/Tloc      16%        3d8       17%         2
 Apportation              Tloc           2%         N/A       26%         1
 Necrotise                Necr           4%         1d4       26%         1
 Summon Small Mammal      Summ           4%         N/A       26%         1
 Hailstorm                Conj/Ice       8%         3d4       34%         3


Dungeon Overview and Level Annotations

Branches:
Dungeon (6/15)             Temple (1/1) D:5

Altars:
Ashenzari
Cheibriados
Dithmenos
Elyvilon
Fedhas
Gozag
Hepliaklqana
Kikubaaqudgha
Makhleb
Nemelex Xobeh
Okawaru
Qazlal
Ru
Sif Muna
Uskayaw
Vehumet
Wu Jian
Xom
Yredelemnul
Zin
The Shining One

Shops:
D:1 [

Annotations:
D:3 Grinder, Ijyb
Temple 2 transporters


Innate Abilities, Weirdness & Mutations

You have a beak for a mouth.
You have claws for feet.
Your magical nature lets you fly swiftly and evasively.


Message History

The iguana is almost dead.
The iguana barely misses you.
You completely miss the iguana. You claw the iguana.
You kill the iguana!
Kikubaaqudgha accepts your kill. The scorpion stings you.
* * * LOW HITPOINT WARNING * * *
You are poisoned.
The scorpion poisons you!
It was a potion of magic.
Magic courses through your body.
You feel sick. The scorpion barely misses you.
Casting: Kiss of Death (safe; 12% risk of failure)
Confirm with . or Enter, or press ? or * to list all spells.
Aiming: Kiss of Death (safe; 12% risk of failure)
Press: ? - help, Shift-Dir - straight line, f - scorpion
Aim: a scorpion (100% to hit)
The negative energy hits the scorpion.
The scorpion is drained!
The scorpion is moderately wounded.
You feel drained.
You feel sick. The scorpion closely misses you.
You hit the scorpion.
The scorpion is poisoned.
Your kick misses the scorpion.
The scorpion is heavily wounded.
You feel sick. The scorpion stings you.
* * * LOW HITPOINT WARNING * * *
You barely miss the scorpion.
You claw the scorpion, but do no damage.
You peck the scorpion, but do no damage.
The scorpion is heavily wounded.
* * * LOW HITPOINT WARNING * * *
You feel sick. The scorpion barely misses you.
You hit the scorpion.
The scorpion looks even sicker.
Your kick misses the scorpion. Your peck misses the scorpion.
The scorpion is almost dead.
* * * LOW HITPOINT WARNING * * *
You feel sick.
You kill the scorpion!
Kikubaaqudgha accepts your kill.
You miss the adder. You claw the adder. You peck the adder.
The adder is heavily wounded.
You die...
Kikubaaqudgha rasps: "You have failed me!
Welcome... death!"

##...##
#....)##....##
..⌠.. ......#
#...###.....+
#...#......#
#.<.#......#
#...# ....#
#####...###..#
......⌠..@S.#
####.....##.#
##...###.#
##.## #O# #.#
.S. .. ... <.#
#.... #..
..... #.#.#.


You could see an adder.

Vanquished Creatures
  A water moccasin (D:5)
  An ice beast (Temple)
  An ogre (D:6)
  A necrophage (D:4)
  3 scorpions
  A jelly (D:6)
  A hound (D:4)
  An iguana (D:6)
  Natasha (thrice) (D:4)
  Terence (D:2)
  4 gnolls (D:4)
  4 adders
  2 dart slugs
  6 orcs
  8 ball pythons
  2 bats (D:2)
  5 endoplasms
  10 goblins
  4 hobgoblins
  2 quokkas (D:4)
  A frilled lizard (D:2)
  3 kobolds
  4 rats
69 creatures vanquished.

Notes
Turn   | Place    | Note
-------+----------+-------------------------------------------
     0 | D:1      | Shayle the Tengu Reaver began the quest for the Orb.
     0 | D:1      | Reached XP level 1. HP: 12/12 MP: 4/4
   154 | D:1      | Found Jank's Antique Armour Shoppe.
   411 | D:2      | Reached skill level 1 in Stealth
   413 | D:2      | Reached XP level 2. HP: 14/17 MP: 6/6
   550 | D:2      | Reached skill level 2 in Stealth
   550 | D:2      | Reached XP level 3. HP: 17/22 MP: 7/7
   638 | D:2      | Noticed Terence
   650 | D:2      | Killed Terence
   651 | D:2      | Reached XP level 4. HP: 20/26 MP: 5/8
  1067 | D:3      | Identified the amulet of Reimbursement {Spirit Harm Fragile
                  | Str+8 Int+7}
  1105 | D:3      | Noticed Ijyb
  1115 | D:3      | Noticed Grinder
  1222 | D:4      | Noticed Natasha
  1270 | D:4      | Reached skill level 3 in Stealth
  1297 | D:4      | Gained mutation: Your magical nature lets you fly swiftly
                  | and evasively. [Tengu growth]
  1297 | D:4      | Reached XP level 5. HP: 21/32 MP: 9/9
  1619 | D:4      | Reached skill level 4 in Stealth
  1846 | D:4      | Reached XP level 6. HP: 26/37 MP: 10/10
  2123 | D:4      | Found a radiant altar of Vehumet.
  2127 | D:4      | Found a shadowy altar of Dithmenos.
  2128 | D:4      | Found a glowing silver altar of Zin.
  2132 | D:4      | Found a snail-covered altar of Cheibriados.
  2155 | D:4      | Killed Natasha
  2173 | D:4      | Noticed Natasha
  2180 | D:4      | Killed Natasha
  2229 | D:4      | Noticed Natasha
  2235 | D:4      | Killed Natasha
  2246 | D:5      | Entered Level 5 of the Dungeon
  2259 | D:5      | Found a staircase to the Ecumenical Temple.
  2278 | D:5      | Reached skill level 5 in Stealth
  2291 | Temple   | Entered the Ecumenical Temple
  2291 | Temple   | Found a transporter.
  2291 | Temple   | Found a transporter.
  2293 | Temple   | Found a transporter.
  2293 | Temple   | Found a transporter.
  2309 | Temple   | Became a worshipper of Kikubaaqudgha
  2354 | D:5      | Noticed an ice beast
  2370 | D:5      | Noticed a water moccasin
  2390 | D:5      | Killed a water moccasin
  2391 | D:5      | Reached XP level 7. HP: 13/43 MP: 9/11
  2692 | D:6      | Reached skill level 6 in Stealth
  2696 | D:6      | Reached skill level 5 in Dodging
  2703 | D:6      | HP: 1/38 [poisoned by a scorpion]
  2704 | D:6      | Succumbed to a scorpion's poison

Illustrated notes

Levels and vault maps discovered:
D:1:      nzn_arrival_crosshair, layout_rooms, serial_shops,
          nicolae_shop_statue_plus, glass_columns_b
D:2:      layout_rooms, uniq_terence
D:3:      layout_rooms, dilly_ecumenical_altar_fadedgnrine, uniq_robin,
          uniq_ijyb, uniq_grinder
D:4:      layout_basic, minitemple, uniq_natasha
D:5:      layout_gridville, minmay_temple_entry_statues_pillars
D:6:      layout_loops_corners, serial_shops, kennysheep_mini,
          corexii_hall_statues_l, st_stairs_5, chequers_serial_rivers_large_b,
          minmay_misc_feat_square, grunt_ministairs_15,
          dilly_guarded_unrand_devastator, uniq_prince_ribbit1
Temple:   hellmonk_temple_divided_pantheon

Skill      XL: |  1  2  3  4  5  6  7 |
---------------+----------------------+-----
Stealth        | 1 2 3 4 5 6 |  6.5
Dodging        | 3 4 5 |  5.1
Fighting       | 3 4 |  4.6
Polearms       | |  3.2
Spellcasting   | |  2.0
Conjurations   | |  4.0

Action                   |  1- 3 |  4- 6 |  7- 9 || total
-------------------------+-------+-------+-------++-------
Melee: Dagger            |    39 |    86 |       ||   125
       Spear             |     8 |       |       ||     8
       Kick              |     7 |    43 |     8 ||    58
       Peck              |     8 |    17 |    10 ||    35
       Short sword       |       |    61 |    29 ||    90
       Punch             |       |     1 |       ||     1
 Cast: Kiss of Death     |     1 |     1 |     1 ||     3
  Use: Potion            |     1 |     6 |     1 ||     8
       Scroll            |       |    10 |       ||    10
 Stab: Sleeping          |     1 |     6 |     1 ||     8
Armor: Leather armour    |     7 |    11 |     3 ||    21
Dodge: Dodged            |    20 |    68 |    18 ||   106

Table legend: (Time is in decaauts)
 A = Elapsed time spent in this place.
 B = Non-inter-level travel time spent in this place.
 C = Inter-level travel time spent in this place.
 D = Time resting spent in this place.
 E = Time spent auto-exploring this place.
 F = Levels seen in this place.
 G = Mean time per level.
                   A        B        C        D        E       F      G
               +--------+--------+--------+--------+--------+-----+--------+
         Total |   2600 |   2515 |     85 |    522 |   1072 |   7 |  371.4 |
       Dungeon |   2487 |   2402 |     85 |    459 |   1072 |   6 |  414.5 |
        Temple |    113 |    113 |      0 |     63 |      0 |   1 |  113.0 |
               +--------+--------+--------+--------+--------+-----+--------+

Top non-repeatable levels by time:
     D:4: 962 daAuts
     D:2: 661 daAuts
     D:1: 403 daAuts
     D:5: 273 daAuts
     D:3: 125 daAuts
  Temple: 113 daAuts
     D:6: 60 daAuts
